 Dungeon Crawl Stone Soup version 0.27-a0-1324-ge0d8e047f6 (webtiles) character file.

Game seed: 5046879254716874734

60 Froggeryz the Cutter (level 4, -2/31 HPs)
             Began as an Octopode Berserker on June 23, 2021.
             Was a Believer of Trog.
             Succumbed to Sigmund's poison
             ... on level 2 of the Dungeon.
             The game lasted 00:03:48 (2589 turns).

Froggeryz the Cutter (Octopode Berserker)           Turns: 2589, Time: 00:03:48

Health: -2/31      AC:  1    Str: 16    XL:     4   Next: 4%
Magic:  4/4        EV: 13    Int:  9    God:    Trog [**....]
Gold:   108        SH:  0    Dex: 12    Spells: 3/3 levels left

rFire    . . .     SeeInvis .   l - +0 dagger (venom)
rCold    . . .     Faith    .   (no shield)
rNeg     . . .     Spirit   .   (helmet restricted)
rPois    .         Reflect  .   (no amulet)
rElec    .         Harm     .   a - ring of flight
rCorr    .         Rampage  .   (no ring)
Will     .....                  (no ring)
Stlth    ++........             (no ring)
HPRegen  0.10/turn              (no ring)
MPRegen  0.09/turn              (no ring)
                                (no ring)
                                (no ring)

@: confused, lethally poisoned (-2 -> -25), on berserk cooldown, flying, slowed,
very slow
A: almost no armour, amphibious, 8 rings, camouflage 1, gelatinous body 1,
(nimble swimmer 1), tentacles
a: Renounce Religion, Berserk, Trog's Hand


You were on level 2 of the Dungeon.
You worshipped Trog.
Trog was pleased with you.
You visited 1 branch of the dungeon, and saw 2 of its levels.

You collected 108 gold pieces.

Inventory:

Hand Weapons
 k - a +0 short sword
 l - a +0 dagger of venom (weapon)
Jewellery
 a - a ring of flight (left tentacle)
Scrolls
 d - a scroll of identify {unknown}
 f - a scroll of amnesia {unknown}
 g - a scroll of enchant weapon {unknown}
 i - 2 scrolls of teleportation {unknown}
 m - a scroll of noise {unknown}
Potions
 b - 2 potions of mutation {unknown}
 c - 2 potions of attraction {unknown}
 e - a potion of degeneration {unknown}
 h - a potion of lignification {unknown}
 j - a potion of curing {unknown}


   Skills:
 - Level 3.0 Fighting
 * Level 4.3 Short Blades
 - Level 3.0 Dodging
 + Level 2.7 Stealth


You had 3 spell levels left.
You didn't know any spells.
Your spell library was empty.

Dungeon Overview and Level Annotations

Branches:
Dungeon (2/15)

Altars:

Annotations:
D:2 Sigmund


Innate Abilities, Weirdness & Mutations

You cannot wear most types of armour.
You are amphibious.
You can wear up to eight rings at the same time.
Your skin changes colour to match your surroundings (Stealth+).
Your rubbery body absorbs attacks. (AC +1, EV +1)
((You are camouflaged near water. (Stealth+)))
You have tentacles for arms and can constrict up to eight enemies at once.


Message History

There is a stone staircase leading up here.
There is a stone staircase leading down here.
Key pressed, stopping explore.
Sigmund the Dreaded comes into view.
He is wielding a +2 scythe of venom.
Sigmund is nearby!
Sigmund is nearby!
Sigmund is nearby!
Sigmund hits you with a +2 scythe of venom!
You are poisoned.
A red film seems to cover your vision as you go berserk!
You feel yourself moving faster!
You feel mighty!
You feel very sick.
Sigmund laughs darkly.
Sigmund casts a spell at you.
You are confused.
You bump into the rock wall.
You feel a strong urge to attack something.
You feel sick.
Sigmund says, "You will soon forget everything."
Sigmund hits you with a +2 scythe of venom.
You bump into the rock wall.
You feel sick. Sigmund barely misses you.
You closely miss Sigmund.
You feel sick.
You hit Sigmund.
Sigmund is poisoned.
Sigmund is lightly wounded.
Sigmund hits you with a +2 scythe of venom!
* * * LOW HITPOINT WARNING * * *
You are lethally poisoned!
You bump into the rock wall.
* * * LOW HITPOINT WARNING * * *
You feel very sick.
You bump into the rock wall.
You feel a strong urge to attack something.
* * * LOW HITPOINT WARNING * * *
You feel very sick. Sigmund completely misses you.
You bump into the rock wall.
You are no longer berserk.
You are exhausted.
You feel yourself slow down.
You die...

###.######.#
#.# #♣♣..♣#
....##...#.#
♣♣♣ ♣P.♣.#
######.....# ♣
♣♣.P.♣#
##...###
♣P♣♣♣♣..P♣#
#.....#
♣P.P♣..P♣#
#.....# #
♣....P.♣#
#.....#
#.##♣♣....P.♣
#....†#
#..@.♣♣..♣..♣
#.....#
#@##♣.♣..P.♣
####### #.#
♣♣♣P♣P..♣ ##
##########.#
#♣♣.♣P♣ .#
#.......##.# ♣♣
# .##
#.#####.##.#
..#
#..........#
..#
#.##.##.####
..# #.##.##.#
..#####.......#


You could see Sigmund (very poisoned).

Vanquished Creatures
  A worm (D:2)
  A dart slug (D:1)
  2 endoplasms (D:1)
  4 giant cockroaches
  6 goblins
  4 hobgoblins (D:1)
  4 jackals (D:2)
  2 quokkas
  6 ball pythons
  6 bats
  3 frilled lizards
  5 kobolds
  4 rats
48 creatures vanquished.

Notes
Turn   | Place    | Note
-------+----------+-------------------------------------------
     0 | D:1      | Froggeryz the Octopode Berserker began the quest for the
                  | Orb.
     0 | D:1      | Reached XP level 1. HP: 16/16 MP: 1/1
   413 | D:1      | Reached skill level 1 in Stealth
   523 | D:1      | Reached XP level 2. HP: 14/21 MP: 2/2
   847 | D:1      | Reached XP level 3. HP: 26/26 MP: 3/3
  1178 | D:1      | Found a faded altar of an unknown god.
  1202 | D:1      | Reached ** piety under Trog
  1451 | D:2      | Reached skill level 4 in Short Blades
  2311 | D:2      | Reached XP level 4. HP: 24/31 MP: 4/4
  2576 | D:2      | Noticed Sigmund
  2589 | D:2      | Succumbed to Sigmund's poison

Illustrated notes

Levels and vault maps discovered:
D:1:      lightli_arrival_statue_moat, layout_loops_ring,
          ebering_ecumenical_altar_hall, minmay_misc_feat_enclosed,
          minmay_close_crescents
D:2:      layout_loops_cross, serial_forest, infiniplex_forest_lined_2,
          infiniplex_forest_split, infiniplex_forest_straight_4,
          infiniplex_forest_zigzag_1, infiniplex_forest_end_double,
          infiniplex_forest_clump_medium, infiniplex_forest_fountain,
          uniq_sigmund

Skill      XL: |  1  2  3 |
---------------+----------+-----
Stealth        | 1 2 |  2.7
Short Blades   | 4 |  4.3
Fighting       | |  3.0
Dodging        | |  3.0

Action                   |  1- 3 |  4- 6 || total
-------------------------+-------+-------++-------
Melee: Short sword       |    80 |       ||    80
       Constrict         |    26 |     1 ||    27
       Tentacles         |    16 |       ||    16
       Dagger            |    17 |     6 ||    23
Invok: Berserk           |     1 |     1 ||     2
 Stab: Sleeping          |     7 |       ||     7
Armor: Skin              |     7 |       ||     7
Dodge: Dodged            |    59 |     4 ||    63

Table legend: (Time is in decaauts)
 A = Elapsed time spent in this place.
 B = Non-inter-level travel time spent in this place.
 C = Inter-level travel time spent in this place.
 D = Time resting spent in this place.
 E = Time spent auto-exploring this place.
 F = Levels seen in this place.
 G = Mean time per level.
                   A        B        C        D        E       F      G
               +--------+--------+--------+--------+--------+-----+--------+
         Total |   2587 |   2524 |     63 |     27 |   2183 |   2 | 1293.5 |
       Dungeon |   2587 |   2524 |     63 |     27 |   2183 |   2 | 1293.5 |
               +--------+--------+--------+--------+--------+-----+--------+

Top non-repeatable levels by time:
     D:1: 1425 daAuts
     D:2: 1162 daAuts
